 Dungeon Crawl Stone Soup version 0.26-a0-784-g51bffae0b1 (webtiles) character file.

Game seed: 14969916695149921482

254 Kinoniko the Ducker (level 6, 0/47 HPs)
             Began as a Merfolk Gladiator on Nov 10, 2020.
             Slain by an ogre
             ... wielding a +0 giant club
              (13 damage)
             ... on level 4 of the Dungeon.
             The game lasted 00:04:08 (3520 turns).

Kinoniko the Ducker (Merfolk Gladiator)             Turns: 3520, Time: 00:04:09

Health: 0/47       AC:  7    Str: 15    XL:     6   Next: 15%
Magic:  6/6        EV: 13    Int:  8    God:
Gold:   230        SH: 13    Dex: 16    Spells: 5/5 levels left

rFire    . . .     SeeInvis .   a - +0 long sword
rCold    . . .     Faith    .   k - +3 buckler
rNeg     . . .     Spirit   .   p - +0 ring mail
rPois    .         Reflect  +   c - +1 helmet
rElec    .         Harm     .   (no cloak)
rCorr    .         Rampage  .   (no gloves)
MR       .....                  (no boots)
Stlth    +.........             e - amulet of reflection
HPRegen  0.15/turn              (no ring)
MPRegen  0.10/turn              (no ring)

@: no status effects
A: change form in water, swift swim, stealthy swim, blink, blurry vision 1, wild
magic 1
a: Blink


You were on level 4 of the Dungeon.
You visited 1 branch of the dungeon, and saw 4 of its levels.

You collected 230 gold pieces.

Inventory:

Hand Weapons
 a - a +0 long sword (weapon)
Missiles
 d - 4 throwing nets (quivered)
Armour
 b - a +0 leather armour
 c - a +1 helmet (worn)
 k - a +3 buckler (worn)
 p - a +0 ring mail (worn)
Jewellery
 e - an amulet of reflection (around neck)
 r - a +4 ring of protection
Wands
 v - a wand of digging (6)
Scrolls
 f - 3 scrolls of teleportation
 h - a scroll of fog
 o - 5 scrolls of fear
Potions
 g - a potion of cancellation
 j - 2 potions of curing
 m - a potion of might {unknown}
 q - 2 potions of brilliance
 s - a potion of attraction
 t - a potion of haste
 u - a potion of magic


   Skills:
 + Level 3.4 Fighting
 * Level 5.1 Long Blades
 - Level 2.0 Throwing
 + Level 5.3 Dodging
 * Level 2.8 Shields


You had 5 spell levels left.
You didn't know any spells.
Your spell library contained the following spells:

 Spells                   Type           Power        Failure   Level
 Bolt of Magma            Conj/Fire/Erth #.........   100%        5
 Iskenderun's Battlesphe  Conj           #.......     100%        5
 Iron Shot                Conj/Erth      #.........   100%        6
 Orb of Destruction       Conj           #.........   100%        7
 Spellforged Servitor     Conj/Summ      #.........   100%        7


Dungeon Overview and Level Annotations

Branches:
Dungeon (4/15)             Temple (0/1) D:4

Altars:
Nemelex Xobeh
Sif Muna
Trog
Xom

Annotations:
D:3 1 runed translucent door, Tatune's ghost, amateur DENe


Innate Abilities, Weirdness & Mutations

You revert to your normal form in water.
You are very nimble and swift while swimming.
You are very stealthy in the water. (Stealth+)
You can translocate small distances at will.
Scrolls take you a little longer to read.
Your spells are a little harder to cast, but a little more powerful.


Message History

The ogre hits you but does no damage.
You slash the ogre!
The ogre is severely wounded.
The ogre hits you with a +0 giant club!
You barely miss the ogre.
The ogre is severely wounded.
You block the ogre's attack.
You hit the ogre.
The ogre is severely wounded.
The ogre hits you with a +0 giant club!
You completely miss the ogre.
The ogre is severely wounded.
The ogre hits you with a +0 giant club!
* * * LOW HITPOINT WARNING * * *
You are too injured to fight recklessly!
You are too injured to fight recklessly!
You hit the ogre.
The ogre is almost dead.
The ogre hits you with a +0 giant club!
You die...

*,,,,,,,,*,*,,,,,,,,,,,,,**,.,
*,,**,,****#...**...***,,**,..
**,,**,,* ##...*#..#***,,***..
**,.#,** #........##*,,,,**..
*,)..* ##...#......,,,,*,,.#
**#..###....#......,,,,,,,,*
*,...#........<..,,,,,****
*,.......O.......,,,,,,**,
**,,#..##@.......,,,,,,,,,
***#..#..#......,,,**,*,,
*#.......###.,*******,
#####......##*,,,** **,,,
#..#....#..##*,,,,* *,,,,
##.......#...#**,,,****,,*
#.........#...#,,>,,,,,,,*
###.......###...,,,,****,,
#..##..## *#.(,,,,* *,,,


You could see an ogre.

Vanquished Creatures
  Terence (D:3)
  A howler monkey zombie (D:3)
  8 gnolls
  6 adders
  4 worms (D:3)
  2 dart slugs
  3 leopard geckos
  2 orcs (D:3)
  10 bats
  2 giant cockroaches
  5 goblins
  7 hobgoblins
  6 jackals (D:2)
  7 kobolds
  A quokka (D:2)
  2 frilled lizards
  7 rats
74 creatures vanquished.

Notes
Turn   | Place    | Note
-------+----------+-------------------------------------------
     0 | D:1      | Kinoniko the Merfolk Gladiator began the quest for the Orb.
     0 | D:1      | Reached XP level 1. HP: 16/16 MP: 1/1
   391 | D:1      | Reached XP level 2. HP: 22/23 MP: 2/2
   949 | D:2      | Reached XP level 3. HP: 28/28 MP: 3/3
  1263 | D:2      | Gained mutation: Scrolls take you a little longer to read.
                  | [potion of mutation]
  1263 | D:2      | Gained mutation: Your spells are a little harder to cast,
                  | but a little more powerful. [potion of mutation]
  1263 | D:2      | Gained mutation: You can translocate small distances at
                  | will. [potion of mutation]
  1269 | D:2      | Reached skill level 1 in Shields
  1283 | D:2      | Reached XP level 4. HP: 31/34 MP: 4/4
  1400 | D:2      | Found a shimmering altar of Xom.
  1838 | D:2      | Reached XP level 5. HP: 41/41 MP: 5/5
  1958 | D:3      | Found a runed translucent door.
  2349 | D:3      | Noticed Tatune's ghost (amateur DENe)
  2390 | D:3      | Reached skill level 5 in Dodging
  3041 | D:3      | Reached skill level 5 in Long Blades
  3041 | D:3      | Reached XP level 6. HP: 47/47 MP: 6/6
  3048 | D:3      | Found a bloodstained altar of Trog.
  3048 | D:3      | Found a sparkling altar of Nemelex Xobeh.
  3049 | D:3      | Found a shimmering blue altar of Sif Muna.
  3201 | D:3      | Noticed Terence
  3212 | D:3      | Killed Terence
  3520 | D:4      | Slain by an ogre

Illustrated notes

Levels and vault maps discovered:
D:1:      dpeg_arrival_orchard, layout_loops_ring
D:2:      layout_loops_corners, tgw_xom
D:3:      layout_basic, gammafunk_temple_overflow_claw,
          hellmonk_ghost_happy_afterlife, uniq_terence
D:4:      layout_cave_pools, minmay_temple_entry_statues, portal_sewer_entry_f,
          kennysheep_generic_room_11, uniq_duvessa, uniq_edmund

Skill      XL: |  1  2  3  4  5 |
---------------+----------------+-----
Long Blades    | 4 5 |  5.1
Shields        | 1 2 |  2.8
Fighting       | 3 |  3.4
Dodging        | 5 |  5.3
Throwing       | |  2.0

Action                   |  1- 3 |  4- 6 || total
-------------------------+-------+-------++-------
Melee: Long sword        |   107 |   188 ||   295
       Tailslap          |       |     1 ||     1
  Use: Potion            |     4 |       ||     4
       Scroll            |       |    11 ||    11
 Stab: Sleeping          |     1 |       ||     1
Armor: Leather armour    |    12 |       ||    12
       Ring mail         |     7 |    29 ||    36
Dodge: Dodged            |    56 |    74 ||   130
Block: Other             |     6 |       ||     6
       Buckler           |    40 |    91 ||   131
       Reflection        |     1 |     3 ||     4
       Rpst.: Long sword |     8 |    25 ||    33

Table legend: (Time is in decaauts)
 A = Elapsed time spent in this place.
 B = Non-inter-level travel time spent in this place.
 C = Inter-level travel time spent in this place.
 D = Time resting spent in this place.
 E = Time spent auto-exploring this place.
 F = Levels seen in this place.
 G = Mean time per level.
                   A        B        C        D        E       F      G
               +--------+--------+--------+--------+--------+-----+--------+
         Total |   3552 |   3467 |     85 |    419 |   2443 |   4 |  888.0 |
       Dungeon |   3552 |   3467 |     85 |    419 |   2443 |   4 |  888.0 |
               +--------+--------+--------+--------+--------+-----+--------+

Top non-repeatable levels by time:
     D:3: 1543 daAuts
     D:2: 1011 daAuts
     D:1: 957 daAuts
     D:4: 41 daAuts
